 Dungeon Crawl Stone Soup version 0.16.1-2-g95b8d4c (webtiles) character file.

1635 RobertPalmer the Ducker (level 8, -7/50 HPs)
             Began as an Octopode Warper on Mar 25, 2015.
             Was an Initiate of Dithmenos.
             Mangled by an orc warrior
             ... wielding a +0 scimitar
              (17 damage)
             ... on level 6 of the Dungeon.
             The game lasted 00:21:36 (6380 turns).

RobertPalmer the Ducker (Octopode Warper)           Turns: 6380, Time: 00:21:36

Health: -7/50      AC:  3    Str: 10    XL:     8   Next: 98%
Magic:  13/13      EV: 16    Int: 18    God:    Dithmenos [......]
Gold:   283        SH:  0    Dex: 14    Spells: 4 memorised, 3 levels left

rFire  . . .     SeeInvis .     a - +2 mace (venom)
rCold  . . .     Rnd*Rage +     (no shield)
rNeg   + . .     SustAb   .     (helmet restricted)
rPois  .         Gourm    .     n - amulet of regeneration {+regen, !d}
rElec  .         Spirit   .     j - +3 ring of intelligence
rCorr  .         Warding  .     m - ring of positive energy {rN+}
rMut   .         Stasis   .     C - ring of teleport control {cTele, !d}
MR     .....                    (no ring)
Stlth  ++........               (no ring)
                                (no ring)
                                (no ring)
                                (no ring)

@: not resistant to hostile enchantments, unstealthy
A: almost no armour, amphibious, 8 rings, constrict 8, thin metallic scales 1,
camouflage 1, berserk 1, gelatinous body 1
a: Renounce Religion, Evoke Teleport Control


You were on level 6 of the Dungeon.
You worshipped Dithmenos.
Dithmenos was noncommittal.
You were very hungry.

You visited 1 branch of the dungeon, and saw 6 of its levels.

You collected 283 gold pieces.

Inventory:

Hand weapons
 a - a +2 mace of venom (weapon)
   (You found it on level 6 of the Dungeon)
 b - a +0 shortbow
   (You took it off a centaur on level 5 of the Dungeon)
Missiles
 e - 2 curare-tipped needles
 v - 13 poisoned needles
 w - 2 tomahawks (quivered)
 G - 35 arrows
 H - 8 arrows of dispersal {=f}
Armour
 k - a +0 shield
   (You found it on level 1 of the Dungeon)
Jewellery
 j - a +3 ring of intelligence (left tentacle)
   (You found it on level 1 of the Dungeon)
 l - an uncursed amulet of warding {Ward, rN+, !d}
   (You found it on level 1 of the Dungeon)
 m - a ring of positive energy (right tentacle) {rN+}
   (You found it on level 1 of the Dungeon)
 n - an amulet of regeneration (around mantle) {+regen, !d}
   (You found it on level 1 of the Dungeon)
 C - a ring of teleport control (on tentacle) {cTele, !d}
   (You found it on level 4 of the Dungeon)
Magical devices
 h - a wand of enslavement (7)
   (You took it off Sigmund on level 5 of the Dungeon)
 I - a wand of disintegration (0)
   (You found it on level 5 of the Dungeon)
Scrolls
 q - a scroll of remove curse {unknown}
 r - a scroll of amnesia {unknown}
 t - a scroll of immolation {unknown}
 u - a scroll of enchant armour {unknown}
 x - a scroll of magic mapping {unknown}
 y - a scroll of identify
 A - 2 scrolls of random uselessness {unknown}
 D - a scroll of fog {unknown}
 E - 2 scrolls of teleportation {unknown}
Potions
 g - a potion of haste
 i - a potion of resistance
 o - a potion of brilliance
 p - a potion of restore abilities
Books
 c - a book of Spatial Translocations
Comestibles
 f - 5 bread rations {@e1}
 s - 4 meat rations {@e2}


   Skills:
 - Level 2.0 Fighting
 - Level 4.4 Maces & Flails
 + Level 6.7 Bows
 - Level 1.0 Throwing
 - Level 6.8 Dodging
 - Level 2.0 Spellcasting
 - Level 5.0 Translocations


You had 3 spell levels left.
You knew the following spells:

 Your Spells              Type           Power        Failure   Level  Hunger
a - Portal Projectile     Tloc           ###...       10%         3    ###....
b - Blink                 Tloc           N/A          3%          2    ###....
g - Apportation           Tloc           ###.......   1%          1    #......
s - Shroud of Golubria    Chrm/Tloc      ##........   12%         2    ###....


Dungeon Overview and Level Annotations

Branches:
Dungeon (6/15)             Temple (0/1) D:6

Altars:
Dithmenos
Okawaru
Qazlal
Ru
Sif Muna
Yredelemnul
Zin
The Shining One

Annotations:
D:5 Natasha


Innate Abilities, Weirdness & Mutations

You cannot wear most types of armour.
You are amphibious.
You can wear up to eight rings at the same time.
You can use your tentacles to constrict many enemies at once.
Your skin changes colour to match your surroundings (Stealth).
Your rubbery body absorbs attacks (AC +1).
You are partially covered in thin metallic scales (AC +2).
You tend to lose your temper in combat.


Message History

You hit the centaur.
The centaur looks even sicker.
The centaur completely misses you. The centaur misses you.
You barely miss the centaur. The centaur closely misses you.
The centaur closely misses you.
You hit the centaur. The centaur closely misses you.
You hit the centaur!
You kill the centaur!
Dithmenos accepts your kill.
Your Bows skill increases to level 6!
Things that are here:
an uncursed shortbow; 16 arrows There isn't anything to butcher here.
You see here an arrow.
G - 28 arrows (gained 1)
You see here an arrow.
G - 29 arrows (gained 1)
You see here an arrow.
G - 30 arrows (gained 1)
There are no items here.
You see here an arrow.
G - 31 arrows (gained 1)
You see here an arrow.
G - 32 arrows (gained 1)
There are no items here.
There are no items here.
You see here an arrow.
G - 33 arrows (gained 1)
You see here 2 arrows.
G - 35 arrows (gained 2)
A giant frog comes into view.
You hear the rusting of a drain.
A crimson imp comes into view.
Found an escape hatch in the ceiling.
The crimson imp shouts!
You hit the crimson imp but do no damage.
Your grab misses the crimson imp.
The crimson imp shouts, "Bolt, thou baffled fool-headed fustilarian!"
The crimson imp hits you. x2
You take 3 damage, and have 35/50 hp.
You barely miss the crimson imp. You grab the crimson imp.
You squeeze the crimson imp. You constrict the crimson imp.
The crimson imp hits you but does no damage.
You hit the crimson imp. You constrict the crimson imp.
The crimson imp puffs mist at you.
The crimson imp hits you but does no damage.
All of the chunks of flesh in your inventory have rotted away.
You hit the crimson imp.
You kill the crimson imp!
Dithmenos accepts your kill.
The giant frog croaks.
The giant frog misses you.
You closely miss the giant frog. Your grab misses the giant frog.
Your squeeze misses the giant frog. The giant frog barely misses you.
The giant frog closely misses you.
An orc warrior comes into view. It is wielding a scimitar.
You closely miss the giant frog.
The orc warrior shouts!
Your grab misses the giant frog.
You are feeling very hungry.
The giant frog hits you.
You barely miss the giant frog. Your grab misses the giant frog.
The giant frog closely misses you. The giant frog misses you.
You barely miss the giant frog. Your grab misses the giant frog.
The giant frog hits you. The giant frog barely misses you.
You take 5 damage, and have 39/50 hp.
You completely miss the giant frog. You grab the giant frog.
You squeeze the giant frog! You constrict the giant frog.
The giant frog hits you. The giant frog closely misses you.
You take 3 damage, and have 36/50 hp.
You hit the giant frog.
The giant frog is poisoned.
You constrict the giant frog. The giant frog misses you.
You hit the giant frog!
You kill the giant frog!
Dithmenos accepts your kill.
The orc warrior hits you with a scimitar!
An orc and an orc wizard come into view.
You take 6 damage, and have 30/50 hp.
You closely miss the orc warrior.
The orc shouts!
The orc wizard shouts!
You grab the orc warrior.
You squeeze the orc warrior, but do no damage.
You constrict the orc warrior, but do no damage.
The orc warrior closely misses you.
You barely miss the orc warrior.
You squeeze the orc warrior, but do no damage.
You constrict the orc warrior, but do no damage.
The orc warrior hits you with a scimitar!!
* * * LOW HITPOINT WARNING * * *
An orc wizard comes into view. It is wielding a dagger.
You take 22 damage, and have 8/50 hp.
MASSIVE DAMAGE!!
The orc wizard shouts!
You hit the orc warrior.
The orc warrior is poisoned.
You constrict the orc warrior. The orc warrior closely misses you.
An orc comes into view.
You hit the orc warrior.
The orc warrior looks even sicker.
Your squeeze misses the orc warrior.
You constrict the orc warrior, but do no damage.
The orc warrior hits you with a scimitar!
You die...

... #### ### #o..#
..# ... .##.o.# #.#
#.. ..#.o.##
####)###.# #.#.o..
......##.## #.#...+
..........###.#...#
......##.......o†#
......##.####...@#
......##.# #....#
.........####....##
8.....#.......#...#
......#.#######..##
.._.#.#.# #..#
....#.#.#
##+.######..#
..###.#.#
##...........# ##
#.#.#
##.....######..


You could see an orc warrior, 2 orc wizards and 2 orcs.

Vanquished Creatures
  Eustachio (D:5)
  3 centaurs
  A black bear (D:3)
  3 ogres (D:4)
  Sigmund (D:5)
  2 giant frogs (D:6)
  A scorpion (D:5)
  2 crimson imps
  A hound (D:4)
  2 iguanas
  2 orc priests (D:4)
  2 orc wizards
  Natasha (twice) (D:5)
  7 worker ants
  2 hound skeletons
  5 adders
  4 gnolls (D:3)
  3 worms
  An adder zombie (D:6)
  An adder skeleton (D:4)
  7 giant geckos
  An ooze (D:2)
  14 orcs
  A ball python (D:3)
  8 bats
  12 goblins
  14 hobgoblins
  3 jackals (D:4)
  9 kobolds
  4 quokkas
  3 giant cockroaches
  A giant gecko zombie (D:5)
  3 giant newts
  2 jackal skeletons (D:4)
  26 rats
154 creatures vanquished.

Notes
Turn   | Place    | Note
--------------------------------------------------------------
     0 | D:1      | RobertPalmer, the Octopode Warper, began the quest for the Orb.
     0 | D:1      | Reached XP level 1. HP: 14/14 MP: 3/3
   224 | D:1      | Reached XP level 2. HP: 16/19 MP: 4/4
   398 | D:1      | Learned a level 2 spell: Blink
   431 | D:1      | Reached skill level 3 in Maces & Flails
  1081 | D:2      | Reached XP level 3. HP: 22/24 MP: 6/6
  1544 | D:2      | Reached skill level 4 in Maces & Flails
  1569 | D:2      | Reached XP level 4. HP: 18/29 MP: 7/7
  1948 | D:2      | Learned a level 3 spell: Portal Projectile
  2557 | D:3      | Reached skill level 3 in Dodging
  2622 | D:3      | Reached XP level 5. HP: 30/34 MP: 6/9
  2808 | D:3      | Noticed a black bear
  2820 | D:3      | Killed a black bear
  2820 | D:3      | Reached skill level 4 in Dodging
  3037 | D:4      | Reached XP level 6. HP: 35/39 MP: 10/10
  3071 | D:4      | Reached skill level 5 in Dodging
  3497 | D:4      | Learned a level 2 spell: Shroud of Golubria
  3523 | D:4      | HP: 9/39 [something/puff of frost (8)]
  3657 | D:4      | Noticed an ogre
  3862 | D:4      | Killed an ogre
  3862 | D:4      | Reached skill level 6 in Dodging
  3862 | D:4      | Reached XP level 7. HP: 41/45 MP: 12/12
  3937 | D:4      | Noticed an ogre
  3957 | D:4      | Killed an ogre
  4035 | D:4      | HP: 2/45 [ogre/giant club (20)]
  4353 | D:4      | Reached skill level 4 in Translocations
  4420 | D:5      | Entered Level 5 of the Dungeon
  4420 | D:5      | Found an iron altar of Okawaru.
  4852 | D:5      | Reached skill level 5 in Translocations
  4970 | D:5      | Reached XP level 8. HP: 33/50 MP: 6/13
  5014 | D:5      | Reached skill level 1 in Bows
  5040 | D:5      | Noticed Eustachio
  5061 | D:5      | Killed Eustachio
  5061 | D:5      | Reached skill level 3 in Bows
  5148 | D:5      | Reached skill level 4 in Bows
  5239 | D:5      | Noticed Natasha
  5248 | D:5      | Killed Natasha
  5299 | D:5      | Found a shadowy altar of Dithmenos.
  5300 | D:5      | Noticed Sigmund
  5483 | D:5      | Found a basalt altar of Yredelemnul.
  5483 | D:5      | Found a glowing golden altar of the Shining One.
  5491 | D:5      | Found a deep blue altar of Sif Muna.
  5495 | D:5      | Found a stormy altar of Qazlal.
  5552 | D:5      | Noticed Natasha
  5560 | D:5      | Killed Natasha
  5645 | D:5      | Killed Sigmund
  5645 | D:5      | Reached skill level 5 in Bows
  5662 | D:5      | Became a worshipper of Dithmenos the Shadowed
  5826 | D:5      | HP: 12/50 [poisoned by a worker ant]
  5831 | D:5      | HP: 7/50 [something (6)]
  5836 | D:5      | HP: 8/50 [poisoned by a worker ant]
  5844 | D:5      | HP: 10/50 [poisoned by a worker ant]
  5943 | D:5      | Noticed Natasha
  6118 | D:6      | Found a staircase to the Ecumenical Temple.
  6197 | D:6      | Gained mutation: You are partially covered in thin metallic scales (AC +2). [potion of mutation]
  6197 | D:6      | Gained mutation: You tend to lose your temper in combat. [potion of mutation]
  6300 | D:6      | Found a glowing silver altar of Zin.
  6305 | D:6      | Found a sacrificial altar of Ru.
  6317 | D:6      | Reached skill level 6 in Bows
  6378 | D:6      | HP: 8/50 [orc warrior/scimitar (23)]
  6380 | D:6      | Mangled by an orc warrior

Action                   |  1- 3 |  4- 6 |  7- 9 || total
-------------------------+-------+-------+-------++-------
Melee: Mace              |    48 |       |    28 ||    76
       Whip              |    47 |   103 |   225 ||   375
 Fire: Shortbow          |       |       |    27 ||    27
Throw: Tomahawk          |       |    41 |    17 ||    58
 Cast: Portal Projectile |       |     5 |     7 ||    12
       Blink             |       |     2 |     6 ||     8
       Shroud of Golubri |       |       |    13 ||    13
Evoke: Wand              |       |    11 |     3 ||    14
  Use: Scroll            |     2 |     5 |     4 ||    11
       Potion            |     3 |     2 |     3 ||     8
 Stab: Sleeping          |     7 |       |     1 ||     8
       Paralysed         |       |     4 |       ||     4
  Eat: Chunk             |     2 |     8 |    10 ||    20
       Beef jerky        |       |       |     1 ||     1
       Pizza             |       |       |     1 ||     1

Vault maps used:
D:1:      dpeg_arrival_refuge, serial_bayou_lake_a
D:2:      minmay_rat_hole
D:3:      first_bread
D:4:      corexii_corridor_pit
D:5:      minmay_overflow_temple_star_hex, okawaru_metal_pillars_1_2,
          uniq_natasha, uniq_sigmund, uniq_eustachio
D:6:      grunt_temple_overflow_open, minmay_temple_entry_trees,
          gup_sewer_entry_bowl

Table legend:
 A = Turns spent in this place as a percentage of turns spent in the entire game.
 B = Non-inter-level travel turns spent in this place as a percentage of non-inter-level travel turns spent in the entire game.
 C = Inter-level travel turns spent in this place as a percentage of turns spent in this place.
 D = Turns resting spent in this place as a percentage of non-inter-level travel turns spent in this place.
 E = Turns spent auto-exploring this place as a percentage of non-inter-level travel turns spent in this place.
 F = Non-inter-level travel turns spent in this place divided by the number of levels of this place that you've seen.
                   A       B       C       D       E      F
               +-------+-------+-------+-------+-------+----------------------
         Total | 100.0 | 100.0 |   0.4 |   1.2 |   3.8 | 579.2
       Dungeon | 100.0 | 100.0 |   0.4 |   1.2 |   3.8 | 579.2
               +-------+-------+-------+-------+-------+----------------------

Table legend:
 A = Kills in this place as a percentage of kills in entire the game.
 B = Kills by you in this place as a percentage of kills by you in the entire game.
 C = Kills by friends in this place as a percentage of kills by friends in the entire game.
 D = Other kills in this place as a percentage of other kills in the entire game.
 E = Experience gained in this place as a percentage of experience gained in the entire game.
 F = Experience gained in this place divided by the number of levels of this place that you have seen.
                   A       B       C       D       E      F
               +-------+-------+-------+-------+-------+----------------------
         Total | 100.0 | 100.0 |  -nan |  -nan | 100.0 | 389.5
       Dungeon | 100.0 | 100.0 |  -nan |  -nan | 100.0 | 389.5
               +-------+-------+-------+-------+-------+----------------------
